 Dungeon Crawl Stone Soup version 0.26.0-10-g1f06aea511 (webtiles) character file.

Game seed: 13379090893759205480

38 Goblin1989 the Sneak (level 3, -1/29 HPs)
             Began as a Demonspawn Delver on Jan 23, 2021.
             Slain by an adder (2 damage)
             ... on level 3 of the Dungeon.
             The game lasted 00:01:22 (219 turns).

Goblin1989 the Sneak (Demonspawn Delver)             Turns: 219, Time: 00:01:23

Health: -1/29      AC:  4    Str: 13    XL:     3   Next: 25%
Magic:  3/3        EV: 15    Int: 11    God:
Gold:   4          SH:  0    Dex: 14    Spells: 2/2 levels left

rFire    . . .     SeeInvis .   a - +0 mace
rCold    . . .     Faith    .   (no shield)
rNeg     . . .     Spirit   .   b - +0 leather armour
rPois    .         Reflect  .   (no helmet)
rElec    .         Harm     .   N - +0 cloak
rCorr    .         Rampage  .   (no gloves)
Will     .....                  (no boots)
Stlth    ++........             (no amulet)
HPRegen  0.09/turn              (no ring)
MPRegen  0.08/turn              (no ring)

@: lethally poisoned (-1 -> -15)
A: repulsion field 2
a: no special abilities


You were on level 3 of the Dungeon.
You visited 1 branch of the dungeon, and saw 4 of its levels.

You collected 4 gold pieces.

Inventory:

Hand Weapons
 a - a +0 mace (weapon)
Armour
 b - a +0 leather armour (worn)
 N - a +0 cloak (worn)
Wands
 g - a wand of digging (3) {@v1}
Scrolls
 c - a scroll of fog
 e - a scroll of fear
 M - a scroll of magic mapping
 O - a scroll of teleportation {unknown}
 P - a scroll of identify {unknown}
Potions
 f - a potion of haste {@q3,}


   Skills:
 - Level 3.0 Fighting
 + Level 3.4 Maces & Flails
 - Level 1.7 Dodging
 - Level 4.5 Stealth


You had 2 spell levels left.
You didn't know any spells.
Your spell library was empty.

Dungeon Overview and Level Annotations

Branches:
Dungeon (5/15)
 Temple: D:4-7

Altars:

Annotations:
D:2 Robin


Innate Abilities, Weirdness & Mutations

You are surrounded by a moderate repulsion field. (EV +3)


Message History

The goblin moves out of view.
You take 6 damage, and have 20/29 hp.
MASSIVE DAMAGE!!
You hit the goblin.
The goblin is heavily wounded.
The goblin closely misses you. The goblin misses you.
The goblin closely misses you. The goblin completely misses you.
The goblin misses you.
You barely miss the goblin.
The goblin is heavily wounded.
The goblin misses you.
An ooze comes into view.
The goblin hits you. The goblin completely misses you.
You take 4 damage, and have 16/29 hp.
You hit the goblin.
You kill the goblin!
The goblin barely misses you. The goblin misses you.
A frilled lizard comes into view.
A goblin comes into view. It is wielding a +0 dagger.
Found a stone staircase leading down.
Found 16 sling bullets.
You see here a club.
The goblin misses you.
There is a stone staircase leading down here.
The goblin no longer looks unusually strong.
You climb downwards.
Found a ring mail.
There is a stone staircase leading up here.
You sock the goblin!
You kill the goblin!
There is a stone staircase leading up here.
You see here a goblin corpse.
You start resting.
An adder is nearby!
You regained 9 hp, and now have 26/29 hp.
There is a stone staircase leading up here.
You see here a goblin corpse.
You climb upwards.
Level annotation: Robin The goblin hits you with a +0 club.
The goblin misses you.
The frilled lizard bites you but does no damage.
The goblin barely misses you. The frilled lizard bites you.
The goblin hits you but does no damage.
You are poisoned.
There is a stone staircase leading down here.
You take 2 damage, and have 24/29 hp.
You feel sick. The goblin misses you. The frilled lizard bites you.
The goblin hits you with a +0 dagger of venom.
You are more poisoned.
You climb downwards.
You feel sick.
There is a stone staircase leading up here.
You see here a goblin corpse.
You take 7 damage, and have 17/29 hp.
MASSIVE DAMAGE!!
The adder hisses angrily.
You hit the goblin.
You kill the goblin!
You feel sick.
You hear a shout!
The goblin hits you but does no damage. x2
You are lethally poisoned!
The frilled lizard barely misses you.
You hear a shout! x2
You take 2 damage, and have 15/29 hp.
You feel sick.
You hear a shout!
Things that are here:
a +0 club; a goblin corpse You take 1 damage, and have 14/29 hp.
* * * LOW HITPOINT WARNING * * *
You feel sick.
You take 2 damage, and have 12/29 hp.
Okay, then.
Okay, then.
You hit the goblin.
You kill the goblin!
* * * LOW HITPOINT WARNING * * *
You feel sick.
You take 2 damage, and have 10/29 hp.
You hit the frilled lizard.
You kill the frilled lizard!
* * * LOW HITPOINT WARNING * * *
You feel sick.
You take 2 damage, and have 8/29 hp.
You sock the goblin!
You kill the goblin!
* * * LOW HITPOINT WARNING * * *
You feel sick.
You take 2 damage, and have 6/29 hp.
You barely miss the adder.
* * * LOW HITPOINT WARNING * * *
You feel sick. The adder closely misses you. The adder bites you.
* * * LOW HITPOINT WARNING * * *
You take 3 damage, and have 3/29 hp.
You closely miss the adder.
* * * LOW HITPOINT WARNING * * *
You feel sick. The adder misses you.
You take 2 damage, and have 1/29 hp.
You miss the adder.
* * * LOW HITPOINT WARNING * * *
You feel sick. The adder closely misses you. The adder bites you.
You die... █████

██..[██
█.....███
█........
.....█
██████...█
█..@Sg..█
█.████..█
█ █..█
.....
█S.███
█...
█..█!█..
█g███...
.....█.██


You could see an adder and a goblin.

Vanquished Creatures
  A hound (D:4)
  5 goblins
  A frilled lizard (D:3)
7 creatures vanquished.

Notes
Turn   | Place    | Note
-------+----------+-------------------------------------------
     0 | D:5      | Goblin1989 the Demonspawn Delver began the quest for the
                  | Orb.
     0 | D:5      | Reached XP level 1. HP: 18/18 MP: 1/1
    52 | D:4      | Noticed a hound
    60 | D:4      | Killed a hound
    61 | D:4      | Gained mutation: You are surrounded by a mild repulsion
                  | field. (EV +2) [demonic ancestry]
    61 | D:4      | Reached XP level 2. HP: 20/24 MP: 2/2
    61 | D:4      | Gained mutation: You are surrounded by a moderate repulsion
                  | field. (EV +3) [demonic ancestry]
    61 | D:4      | Reached XP level 3. HP: 25/29 MP: 3/3
    88 | D:2      | Noticed Robin
   218 | D:3      | HP: 1/29 [poisoned by a goblin]
   219 | D:3      | Slain by an adder

Illustrated notes

Levels and vault maps discovered:
D:2:      layout_rooms, uniq_terence, uniq_sigmund, uniq_robin
D:3:      layout_loops_ring, nicolae_overflow_crystal_walls
D:4:      layout_rooms, minmay_temple_entry_nine_rooms, uniq_edmund
D:5:      layout_cave_pools, ebering_ghost_disaster_area,
          okawaru_metal_pillars_1_2, uniq_pikel, uniq_menkaure,
          uniq_blork_the_orc

Skill      XL: |  1 |
---------------+----+-----
Maces & Flails | 3 |  3.4
Fighting       | |  3.0
Dodging        | |  1.7
Stealth        | |  4.5

Action                   || total
-------------------------++-------
Melee: Mace              ||    20
Armor: Leather armour    ||     7
Dodge: Dodged            ||    27
